 Dungeon Crawl Stone Soup version 0.27.1-1-g398f81649c (webtiles) character file.

Game seed: 9015488006265622501

79 Descartes the Covert (level 4, -1/23 HPs)
             Began as a Spriggan Delver on Sept 20, 2021.
             Slain by an adder (3 damage)
             ... on level 5 of the Dungeon.
             The game lasted 00:00:52 (90 turns).

Descartes the Covert (Spriggan Delver)                Turns: 90, Time: 00:00:54

Health: -1/23      AC:  2    Str:  9    XL:     4   Next: 16%
Magic:  5/5        EV: 17    Int: 11    God:
Gold:   0          SH:  0    Dex: 16    Spells: 3/3 levels left

rFire    . . .     SeeInvis +   a - +0 short sword
rCold    . . .     Faith    .   (shield restricted)
rNeg     . . .     Spirit   .   b - +0 robe
rPois    .         Reflect  .   (helmet restricted)
rElec    .         Harm     .   (no cloak)
rCorr    .         Rampage  .   (gloves unavailable)
Will     .....                  (boots unavailable)
Stlth    ++........             (no amulet)
HPRegen  0.07/turn              (no ring)
MPRegen  0.09/turn              (no ring)

@: lethally poisoned (-1 -> -11), slow
A: very small, no large weapons, unfitting armour, see invisible, speed 3
a: no special abilities


You were on level 5 of the Dungeon.
You visited 1 branch of the dungeon, and saw 1 of its levels.

Inventory:

Hand Weapons
 a - a +0 short sword (weapon)
Armour
 b - a +0 robe (worn)
Wands
 g - a wand of digging (3)
Scrolls
 c - a scroll of fog
 d - a scroll of magic mapping
 e - a scroll of fear
Potions
 f - a potion of haste


   Skills:
 + Level 2.7 Fighting
 + Level 2.3 Short Blades
 + Level 2.8 Dodging
 + Level 9.2 Stealth


You had 3 spell levels left.
You didn't know any spells.
Your spell library was empty.

Dungeon Overview and Level Annotations

Branches:
Dungeon (5/15)
 Temple: D:4-7

Altars:
Trog

Portals:
Sewer: D:5


Innate Abilities, Weirdness & Mutations

You are very small and have problems with some larger weapons.
You are too small for most types of armour.
You have supernaturally acute eyesight. (SInv)
You cover ground extremely quickly. (Speed+++)


Message History

Your Stealth skill increases to level 9!
You have reached level 4!
An adder comes into view.
You enter the shallow water.
Moving in this stuff is going to be slow.
Found a glowing drain.
You hear the slow rusting of a drain very nearby.
The adder misses you. The adder bites you.
The adder hisses angrily.
The adder misses you. The adder completely misses you.
The adder barely misses you.
Your unstable footing causes you to fumble your attack.
The adder bites you. The adder misses you.
You miss the adder. The adder completely misses you.
The adder barely misses you.
Your unstable footing causes you to fumble your attack.
The adder bites you. The adder barely misses you.
You hit the adder but do no damage. The adder completely misses you.
The adder barely misses you. The adder bites you.
You are poisoned.
The adder poisons you! The adder barely misses you.
You hit the adder.
The adder is moderately wounded.
You feel sick. The adder bites you. The adder barely misses you.
You closely miss the adder.
The adder is moderately wounded.
You feel sick. The adder misses you. The adder bites you.
* * * LOW HITPOINT WARNING * * *
You barely miss the adder.
The adder is moderately wounded.
* * * LOW HITPOINT WARNING * * *
You feel sick. The adder completely misses you. The adder misses you.
Your unstable footing causes you to fumble your attack.
* * * LOW HITPOINT WARNING * * *
You feel sick. The adder closely misses you. The adder bites you.
* * * LOW HITPOINT WARNING * * *
You are more poisoned.
The adder poisons you! The adder bites you.
You die...

*** ***
########********,*
*,************
........,,,,,,,,,*
*,,,,,,,,,,,,,
.#**************,*
*,**##******** .#
############..,,,* .#
#.≈≈≈S@S≈∩≈#.#**,*
.#####
#.##########.###,*
.....#
#...........S..,,*
...#.###
#.#..........,*,,******
.......#
#.########.####,,,,,,,,
.#.#.#.#
#....S........#,,,*****
.#.#.#,*
###########.##.#..,*
...#.#.#
#..................*****
##.#.#.#
#....l.#####.###...*,,,,


You could see 2 adders.

Vanquished Creatures
  A wyvern skeleton (D:5)
  A jelly (D:5)
2 creatures vanquished.

Notes
Turn   | Place    | Note
-------+----------+-------------------------------------------
     0 | D:5      | Descartes the Spriggan Delver began the quest for the Orb.
     0 | D:5      | Reached XP level 1. HP: 11/11 MP: 2/2
     2 | D:5      | Noticed a jelly
    41 | D:5      | Noticed an iguana
    45 | D:5      | Found a bloodstained altar of Trog.
    70 | D:5      | Noticed a jelly
    72 | D:5      | Killed a jelly
    73 | D:5      | Reached skill level 8 in Stealth
    73 | D:5      | Reached XP level 2. HP: 15/16 MP: 3/3
    73 | D:5      | Reached XP level 3. HP: 17/19 MP: 4/4
    77 | D:5      | Reached skill level 9 in Stealth
    77 | D:5      | Reached XP level 4. HP: 21/23 MP: 5/5
    78 | D:5      | Found a glowing drain.
    90 | D:5      | Slain by an adder

Illustrated notes

Levels and vault maps discovered:
D:5:      layout_basic, trog_three_pillars_becter, portal_sewer_entry_d,
          uniq_pikel, uniq_prince_ribbit1

Skill      XL: |  1  2  3 |
---------------+----------+-----
Stealth        | 8 9 |  9.2
Fighting       | |  2.7
Short Blades   | |  2.3
Dodging        | |  2.8

Action                   |  1- 3 |  4- 6 || total
-------------------------+-------+-------++-------
Melee: Short sword       |     4 |     8 ||    12
  Use: Scroll            |     1 |       ||     1
 Stab: Sleeping          |     2 |       ||     2
Dodge: Dodged            |     3 |    16 ||    19
